 Dungeon Crawl Stone Soup version 0.23.2-40-g277498a001 (webtiles) character file.

Game seed: 13011482280139705539

108608 MalarOregon the Thaumaturge (level 16, -1/130 HPs)
             Began as a Purple Draconian Conjurer on Sept 23, 2019.
             Was the Champion of Hepliaklqana.
             Slain by freakyemo's ghost (35 damage)
             ... on level 1 of the Orcish Mines on Sept 24, 2019.
             The game lasted 01:29:26 (37053 turns).

MalarOregon the Thaumaturge (DrCj)                 Turns: 37053, Time: 01:29:27

Health: -1/130     AC: 16    Str: 16    XL:     16   Next: 3%
Magic:  12/34      EV: 35    Int: 26    God:    Hepliaklqana [******]
Gold:   3601       SH: 13    Dex: 16    Spells: 35/43 levels left

rFire    . . .     SeeInvis .   k - +2 whip (elec)
rCold    . . .     Gourm    .   N - +2 shield
rNeg     . . .     Faith    .   (armour unavailable)
rPois    .         Spirit   .   D - +4 hat of Entitlement {*Drain Regen+ Str+4}
rElec    .         Reflect  .   X - +0 cloak
rCorr    .         Harm     .   S - +1 pair of gloves
MR       ++...                  (no boots)
Stlth    ++++......             g - amulet of the acrobat
HPRegen  0.71/turn              z - ring of the Shining Light {Int+5 Dex+4}
MPRegen  0.24/turn              W - ring of Shadows {Umbra +Inv Stlth+}

@: acrobat, slightly contaminated, wreathed by umbra
A: breathe power, unfitting armour, reduced essence, cold-blooded, AC +9
a: Breathe Dispelling Energy, Recall Ancestor, Ancestor Identity, Transference,
Idealise, Renounce Religion, Evoke Invisibility


You were on level 1 of the Orcish Mines.
You worshipped Hepliaklqana.
Hepliaklqana was exalted by your worship.
You were hungry.

You visited 4 branches of the dungeon, and saw 24 of its levels.
You also visited: Gauntlet and Ice Cave.

You collected 3601 gold pieces.

Inventory:

Hand Weapons
 k - a +2 whip of electrocution (weapon)
   (You took it off a gnoll shaman on level 4 of the Dungeon)
 O - a +1 morningstar of freezing
   (You took it off a minotaur in a Gauntlet)
Missiles
 n - 5 throwing nets (quivered) {!f}
Armour
 D - the +4 hat of Entitlement (worn) {*Drain Regen+ Str+4}
   (You found it in a Gauntlet)

   It affects your strength (+4).
   It increases your rate of regeneration.
   It causes draining when unequipped.
 N - a +2 shield (worn)
   (You found it on level 5 of the Dungeon)
 S - a +1 pair of gloves (worn)
   (You found it on level 4 of the Dungeon)
 X - a +0 cloak (worn)
   (You found it on level 14 of the Dungeon)
Jewellery
 g - an amulet of the acrobat (around neck)
   (You found it on level 1 of the Dungeon)
 l - an uncursed ring of protection from magic
   (You found it in an ice cave)
 m - an uncursed ring of resist corrosion
   (You found it on level 3 of the Dungeon)
 o - an uncursed ring of protection from cold
   (You found it on level 8 of the Dungeon)
 q - the ring of Viewken {Fire rElec rPois rN+ Dex+2}
   (You took it off a minotaur in a Gauntlet)

   [ring of fire]

   It enhances your fire magic.
   It affects your dexterity (+2).
   It protects you from fire.
   It makes you vulnerable to cold.
   It insulates you from electricity.
   It protects you from poison.
   It protects you from negative energy.
 z - the ring of the Shining Light (left hand) {Int+5 Dex+4}
   (You found it in an ice cave)

   [ring of intelligence]

   It affects your intelligence (+5).
   It affects your dexterity (+4).
 W - the ring of Shadows (right hand) {Umbra +Inv Stlth+}
   (You found it in an ice cave)

   [ring of stealth]

   It lets you turn invisible.
   It makes you more stealthy.
Wands
 a - a wand of polymorph (31)
   (You found it on level 6 of the Dungeon)
 c - a wand of disintegration (17)
   (You found it on level 3 of the Dungeon)
 d - a wand of iceblast (11)
   (You took it off Ijyb on level 5 of the Dungeon)
 p - a wand of enslavement (34)
   (You found it on level 6 of the Dungeon)
 t - a wand of flame (19)
   (You found it on level 12 of the Dungeon)
 v - a wand of digging (3)
   (You took it off Sonja on level 11 of the Dungeon)
 x - a wand of acid (7)
   (You found it on level 14 of the Dungeon)
Scrolls
 b - 3 scrolls of enchant armour
 h - 9 scrolls of remove curse {@r2}
 i - 3 scrolls of fog
 u - 3 scrolls of silence
 y - 6 scrolls of teleportation {@r4}
 B - 2 scrolls of identify {@r1}
 H - 2 scrolls of amnesia
 L - 3 scrolls of fear
 M - 4 scrolls of enchant weapon
 R - 2 scrolls of vulnerability {!r}
 U - 5 scrolls of magic mapping
Potions
 f - 8 potions of lignification {!q}
 j - 5 potions of brilliance
 r - 5 potions of agility
 s - 2 potions of mutation {!q}
 C - 3 potions of invisibility
 E - 3 potions of berserk rage
 F - 11 potions of curing {@q1}
 G - 3 potions of heal wounds {@q2}
 I - 2 potions of might
 J - 6 potions of flight
 K - 2 potions of cancellation
 P - a potion of ambrosia
 Q - 4 potions of resistance
Miscellaneous
 T - a phial of floods
   (You found it on level 15 of the Dungeon)
 V - a phantom mirror
Comestibles
 e - 53 rations {!d}
 w - 2 chunks of flesh


   Skills:
 * Level 13.8 Fighting
 + Level 8.8 Maces & Flails
 * Level 12.1 Dodging
 - Level 1.7 Stealth
 + Level 8.8 Shields
 * Level 14.2 Spellcasting
 * Level 13.4 Conjurations
 - Level 4.0 Invocations
 - Level 4.0 Evocations


You had 35 spell levels left.
You knew the following spells:

 Your Spells              Type           Power        Failure   Level  Hunger
x - Iskenderun's Mystic   Conj           ######..     1%          4    None
z - Fulminant Prism       Conj/Hex       ######....   4%          4    None

Your spell library contained the following spells:

 Spells                   Type           Power        Failure   Level  Hunger
 Magic Dart               Conj           ####         1%          1    None
 Shock                    Conj/Air       ####         1%          1    None
 Sting                    Conj/Pois      ####         1%          1    None
 Searing Ray              Conj           ######       1%          2    None
 Conjure Flame            Conj/Fire      ######..     1%          3    None
 Dazzling Spray           Conj/Hex       ######       1%          3    None
 Static Discharge         Conj/Air       ######..     1%          3    None
 Mephitic Cloud           Conj/Pois/Air  #####...     3%          3    None
 Force Lance              Conj/Tloc      ######..     4%          4    None
 Confusing Touch          Hex            ###...       7%          1    None
 Corona                   Hex            ###....      7%          1    None
 Infusion                 Chrm           ###.         7%          1    None
 Ensorcelled Hibernation  Hex/Ice        ###...       10%         2    None
 Poisonous Vapours        Pois/Air       ###...       10%         2    None
 Shroud of Golubria       Chrm/Tloc      ###.......   10%         2    None
 Song of Slaying          Chrm           ###.....     10%         2    None
 Swiftness                Chrm/Air       ###.....     10%         2    None
 Lightning Bolt           Conj/Air       ######....   12%         5    ##.....
 Venom Bolt               Conj/Pois      ######....   12%         5    ##.....
 Confuse                  Hex            ###.....     21%         3    None
 Gell's Gravitas          Tloc           ###.......   21%         3    None
 Portal Projectile        Hex/Tloc       ###...       21%         3    None
 Regeneration             Chrm/Necr      ###.......   21%         3    None
 Spectral Weapon          Hex/Chrm       ###.....     21%         3    None
 Tukima's Dance           Hex            ###.....     21%         3    None
 Airstrike                Air            ###.......   54%         4    None
 Olgreb's Toxic Radiance  Pois           ###.....     54%         4    None
 Petrify                  Tmut/Erth      ###.....     54%         4    None
 Freezing Cloud           Conj/Ice/Air   #####.....   85%         6    ####...
 Metabolic Englaciation   Hex/Ice        ###.......   88%         5    ##.....
 Yara's Violent Unravell  Hex/Tmut       ###.......   88%         5    ##.....
 Dispersal                Tloc           ###.......   100%        6    ####...
 Ring of Flames           Chrm/Fire      ###.......   100%        7    ######.
 Controlled Blink         Tloc           N/A          100%        8    #######
 Disjunction              Tloc           ###.......   100%        8    #######


Dungeon Overview and Level Annotations

Branches:
Dungeon (15/15)            Temple (1/1) D:4            Lair (6/6) D:9
  Swamp (0/4) Lair:4        Snake (0/4) Lair:3        Slime (0/5) Lair:6
    Orc (2/2) D:10            Elf (0/3) Orc:2        Vaults (0/5) D:14
 Depths (0/5) D:15

Altars:
Ashenzari
Cheibriados
Dithmenos
Elyvilon
Fedhas
Gozag
Hepliaklqana
Kikubaaqudgha
Makhleb
Nemelex Xobeh
Okawaru
Qazlal
Ru
Sif Muna
Trog
Uskayaw
Vehumet
Wu Jian
Xom
Yredelemnul
Zin
The Shining One
Beogh
Jiyva

Shops:
D:9 [   D:15 %   Orc:2 [(*

Annotations:
D:2 RF+
D:4 1 runed translucent door, Crazy Yiuf
Lair:1 2 transporters, Daorr's ghost, novice MfSk
Lair:2 3 runed translucent doors, Cryoshakespeare's ghost, journeyman OgWz
Orc:1 freakyemo's ghost, journeyman TrBe


Innate Abilities, Weirdness & Mutations

You can breathe bolts of dispelling energy.
Your rich purple scales are hard. (AC +9)
You cannot fit into any form of body armour.
You are cold-blooded and may be slowed by cold attacks.
Your life essence is reduced to manifest your ancestor. (-10% HP)


Message History

You closely miss freakyemo's ghost. You block freakyemo's ghost's attack.
You miss freakyemo's ghost. You closely miss freakyemo's ghost.
You tail-slap freakyemo's ghost, but do no damage.
Freakyemo's ghost lets out a mournful wail.
Freakyemo's ghost barely misses you.
You hit freakyemo's ghost but do no damage.
Lightning courses through freakyemo's ghost!
Your tail-slap misses freakyemo's ghost.
Freakyemo's ghost shrieks, "I have seen your future, and it is all used up."
You block freakyemo's ghost's attack.
You hit freakyemo's ghost but do no damage.
You tail-slap freakyemo's ghost, but do no damage.
You hit freakyemo's ghost but do no damage.
You block freakyemo's ghost's attack.
You hit freakyemo's ghost but do no damage.
Lightning courses through freakyemo's ghost!
You tail-slap freakyemo's ghost. You block freakyemo's ghost's attack.
You hit freakyemo's ghost but do no damage.
Lightning courses through freakyemo's ghost!
Your tail-slap misses freakyemo's ghost.
You hit freakyemo's ghost but do no damage.
Lightning courses through freakyemo's ghost!
Freakyemo's ghost barely misses you.
You barely miss freakyemo's ghost.
You tail-slap freakyemo's ghost, but do no damage.
Freakyemo's ghost completely misses you.
You closely miss freakyemo's ghost. Freakyemo's ghost closely misses you.
You hit freakyemo's ghost but do no damage.
Your tail-slap misses freakyemo's ghost.
Freakyemo's ghost misses you.
You hit freakyemo's ghost but do no damage.
Lightning courses through freakyemo's ghost!
You hit freakyemo's ghost but do no damage.
Freakyemo's ghost hits you.
You miss freakyemo's ghost. Freakyemo's ghost hits you!!!
* * * LOW HITPOINT WARNING * * *
You closely miss freakyemo's ghost. You barely miss freakyemo's ghost.
You block freakyemo's ghost's attack.
You hit freakyemo's ghost.
Freakyemo's ghost screams, "You will join me soon!"
Freakyemo's ghost hits you!!
* * * LOW HITPOINT WARNING * * *
Freakyemo's ghost shrieks, "You will join me soon!"
You block freakyemo's ghost's attack. You block freakyemo's ghost's attack.
Freakyemo's ghost completely misses you.
You see here a scroll of enchant armour.
Freakyemo's ghost hits you!!
You die...

.............##.##...##.#.##
......#.....#..............#
......#.........#.......#.##
.........#..#......#...)...#
..........##........##....##
.........####...©...##...##
.........##...#####...#.##
............###.(.###..##
....#......##...@..###.##
#...#......###..W#####..#
.....#..#.##.###.#≈#.##.#
....#####.#..#≈?..###.#[#
.....####.#..##._....©#.#
.......##.#....(..#...#.#
#.......#.##...(#§##.##.#
........<..#.....##).#..#
.........#.##....)[###.##


You could see freakyemo's ghost.

Vanquished Creatures
  Louise (D:14)
  An orc warlord (Orc:2)
  4 hydras
  Fannar (Lair:3)
  A rakshasa (D:15)
  A catoblepas (Lair:5)
  Harold (D:8)
  A centaur warrior (D:13)
  A merfolk avatar (Lair:6)
  3 two-headed ogres
  2 orc high priests (Orc:2)
  Sonja (D:11)
  7 skeletal warriors
  An oklob plant (Lair:2)
  7 orc knights
  A mana viper (shapeshifter) (D:15)
  An orc sorcerer (Orc:2)
  A cyclops (D:12)
  2 ugly things (D:15)
  3 moths of wrath
  8 elephants
  2 manticores
  2 centaur zombies
  2 ice statues (IceCv)
  4 black mambas
  A gargoyle (D:13)
  9 rime drakes
  7 spiny frogs
  A rime drake (shapeshifter) (D:15)
  A yaktaur (shapeshifter) (D:14)
  6 komodo dragons
  7 trolls
  A wind drake (Lair:6)
  4 polar bears
  A harpy skeleton (D:14)
  6 slime creatures
  6 hornets
  5 blink frogs
  7 hippogriffs
  Prince Ribbit (D:7)
  2 raiju (shapeshifter)
  3 shadows
  2 wraiths (D:11)
  9 wyverns
  3 hogs (D:7)
  19 yaks
  3 basilisks (Lair:5)
  2 hungry ghosts
  3 nagas (Lair:3)
  5 swamp worms
  A warg (Orc:2)
  A soldier ant (D:13)
  Duvessa (D:5)
  10 water moccasins
  6 porcupines
  A hornet zombie (D:12)
  A hell hound (Lair:5)
  34 orc warriors
  9 ice beasts
  4 phantoms
  5 sky beasts
  2 black bears
  3 boggarts (D:15)
  2 necrophages
  32 wolves
  5 ogres
  4 crocodiles
  6 centaurs
  3 big kobolds
  A gnoll sergeant (Orc:2)
  21 bullfrogs
  Dowan (D:5)
  2 scorpions
  3 battlemagi
  5 jellies
  5 killer bees (D:6)
  A howler monkey (D:9)
  7 crimson imps
  A gnoll shaman (D:4)
  15 orc priests
  2 bullfrog skeletons
  5 hounds
  26 orc wizards
  Ijyb (D:5)
  4 iguanas
  11 worker ants
  2 hound skeletons
  A howler monkey skeleton (D:8)
  3 gnolls
  16 adders
  2 shadow imps
  An ooze (D:4)
  An adder zombie (D:9)
  A worm (D:3)
  3 dart slugs
  5 leopard geckos
  56 orcs
  5 bats
  2 giant cockroaches
  8 goblins
  13 hobgoblins
  11 jackals
  19 kobolds
  2 quokkas
  2 ball pythons
  7 frilled lizards
  A leopard gecko skeleton (D:5)
  13 rats
  2 fungi
590 creatures vanquished.

Vanquished Creatures (collateral kills)
  Gastronok (D:10)
  An orc warlord (Orc:1)
  An ironheart preserver (D:14)
  Nessos (Lair:6)
  A minotaur (Gauntlet)
  A dire elephant (Lair:6)
  Snorg (Orc:2)
  Josephine (D:11)
  2 ice dragons (IceCv)
  A hydra (Lair:4)
  2 two-headed ogres
  A shock serpent (shapeshifter) (D:15)
  3 skeletal warriors (D:12)
  2 unseen horrors
  A glowing orange brain (D:15)
  A wizard (D:14)
  An oklob plant (Lair:2)
  3 orc knights
  5 ugly things
  A manticore (D:15)
  6 elephants
  An orc sorcerer (Orc:2)
  A manticore (shapeshifter) (D:15)
  A black mamba (Lair:6)
  2 gargoyles
  10 spiny frogs
  3 komodo dragons
  3 rime drakes
  An efreet (D:14)
  4 trolls
  4 polar bears (Lair:6)
  A tyrant leech (Gauntlet)
  A wind drake (Lair:6)
  3 blink frogs
  6 slime creatures
  7 hippogriffs
  12 yaks
  6 wyverns
  A human (D:7)
  A spriggan (Lair:1)
  A wraith (D:11)
  A basilisk (Lair:5)
  A warg (Orc:1)
  A naga (Lair:3)
  5 swamp worms
  An acid dragon (D:12)
  4 water moccasins (Lair:6)
  A hell hound (Lair:5)
  A porcupine (Lair:4)
  12 orc warriors
  A sky beast (D:13)
  7 ice beasts (IceCv)
  A black bear (D:7)
  4 ogres
  A centaur (D:6)
  An eye of draining (D:14)
  20 wolves
  A big kobold (D:9)
  7 crocodiles
  5 bullfrogs
  A killer bee (D:7)
  An electric eel (Lair:2)
  A crimson imp (D:15)
  A centaur zombie (D:7)
  2 quasits (D:8)
  3 jellies
  6 orc priests
  2 centaur skeletons
  2 iguanas
  7 orc wizards
  2 worker ants
  A killer bee zombie (D:8)
  An adder (D:7)
  A shadow imp (D:15)
  An adder zombie (D:9)
  A leopard gecko (D:6)
  24 orcs
  A kobold (D:9)
  A fungus (Lair:5)
  A plant (Lair:2)
241 creatures vanquished.

Vanquished Creatures (others)
  An orc wizard (Orc:1)
  An ancestor (D:6)
  27 battlemagi
  An ooze (D:2)
  3 orcs (Orc:1)
  A bush (Lair:5)
  39 fulminant prisms
  23 fungi
  21 plants (Lair:6)
117 creatures vanquished.

Grand Total: 948 creatures vanquished

Notes
Turn   | Place    | Note
-------+----------+-------------------------------------------
     0 | D:1      | MalarOregon the Draconian Conjurer began the quest for the
                  | Orb.
     0 | D:1      | Reached XP level 1. HP: 14/14 MP: 3/3
   239 | D:1      | Reached XP level 2. HP: 22/22 MP: 0/5
   411 | D:1      | Reached skill level 1 in Fighting
  1040 | D:1      | Reached XP level 3. HP: 28/28 MP: 4/6
  1917 | D:2      | Reached XP level 4. HP: 36/36 MP: 2/7
  1971 | D:2      | Learned a level 4 spell: Iskenderun's Mystic Blast
  2000 | D:2      | Found an ornate altar of the Wu Jian Council.
  2332 | D:2      | Found a blossoming altar of Fedhas.
  2842 | D:3      | Reached XP level 5. HP: 42/42 MP: 3/9
  3499 | D:3      | Found a basalt altar of Yredelemnul.
  3499 | D:3      | Found a deep blue altar of Sif Muna.
  3529 | D:3      | Reached skill level 3 in Spellcasting
  3967 | D:4      | HP: 2/42 [orc priest/divine providence (8)]
  4384 | D:4      | Reached skill level 5 in Conjurations
  4384 | D:4      | Reached XP level 6. HP: 51/51 MP: 5/10
  4919 | D:4      | Found a staircase to the Ecumenical Temple.
  4928 | Temple   | Entered the Ecumenical Temple
  5003 | Temple   | Learned a level 4 spell: Fulminant Prism
  5963 | D:4      | Found a runed translucent door.
  5964 | D:4      | Noticed Crazy Yiuf
  6118 | D:4      | Found a staircase to the Ecumenical Temple.
  6135 | Temple   | HP: 1/52 [gnoll (7)]
  6736 | D:5      | Entered Level 5 of the Dungeon
  6745 | D:5      | Noticed Ijyb
  6753 | D:5      | Gained mutation: Your spells are a little easier to cast,
                  | but a little less powerful. [potion of mutation]
  6753 | D:5      | Lost mutation: Your spells are a little easier to cast, but
                  | a little less powerful. [potion of mutation]
  6780 | D:5      | Killed Ijyb
  6780 | D:5      | Your scales start taking on a rich purple colour.
  6780 | D:5      | Reached skill level 4 in Spellcasting
  6780 | D:5      | Reached XP level 7. HP: 39/58 MP: 0/14
  7358 | D:5      | Noticed Duvessa
  7365 | D:5      | Noticed Dowan
  7372 | D:5      | Killed Duvessa
  7372 | D:5      | Reached skill level 5 in Spellcasting
  7497 | D:5      | Killed Dowan
  8164 | D:5      | Found a hazy altar of Hepliaklqana.
  8169 | D:5      | Reached XP level 8. HP: 58/67 MP: 16/16
  8171 | D:5      | Became a worshipper of Hepliaklqana the Forgotten
  8748 | D:6      | Reached skill level 5 in Fighting
  8989 | D:6      | Reached * piety under Hepliaklqana
  9006 | D:6      | Reached skill level 1 in Shields
  9179 | D:6      | Reached skill level 1 in Invocations
  9191 | D:6      | Reached skill level 6 in Spellcasting
  9355 | D:6      | Reached skill level 1 in Maces & Flails
  9355 | D:6      | Reached skill level 5 in Dodging
  9355 | D:6      | Reached skill level 1 in Evocations
  9415 | D:6      | Found an iron altar of Okawaru.
  9807 | D:7      | Noticed Prince Ribbit
  9825 | D:7      | Killed Prince Ribbit
 10240 | D:6      | Reached XP level 9. HP: 67/67 MP: 5/18
 10542 | D:6      | HP: 1/67 [killer bee (5)]
 11127 | D:7      | Reached skill level 7 in Spellcasting
 11693 | D:8      | Reached ** piety under Hepliaklqana
 11694 | D:8      | Remembered your ancestor Edwyna as a battlemage
 11795 | D:8      | Reached XP level 10. HP: 62/77 MP: 17/21
 11827 | D:8      | Noticed Harold
 11863 | D:8      | Killed Harold
 12160 | D:8      | Reached skill level 8 in Spellcasting
 12916 | D:8      | Found a bloodstained altar of Trog.
 13320 | D:9      | Found a hide-covered altar of Uskayaw.
 13563 | D:9      | Found Feolunab's Antique Armour Boutique.
 13565 | D:9      | Found a staircase to the Lair.
 13859 | D:9      | Found a white marble altar of Elyvilon.
 13936 | Lair:1   | Entered Level 1 of the Lair of Beasts
 14192 | Lair:1   | Found a transporter.
 14192 | Lair:1   | Identified the cursed +1 lajatang of Gozag's Righteous Fury
                  | {slice, Dex+5}
 14192 | Lair:1   | Noticed a spriggan berserker
 14193 | Lair:1   | Found a bloodstained altar of Trog.
 14193 | Lair:1   | Noticed Daorr's ghost (novice MfSk)
 14200 | Lair:1   | Found a transporter.
 14203 | Lair:1   | Identified the +6 trident "Lorem Ipsum" {pierce, +Inv}
 14203 | Lair:1   | Noticed a spriggan rider
 14203 | Lair:1   | Noticed a moth of wrath
 14230 | Lair:1   | Reached XP level 11. HP: 84/84 MP: 19/23
 14402 | Lair:1   | Reached *** piety under Hepliaklqana
 15169 | Lair:2   | Reached skill level 9 in Spellcasting
 15718 | Lair:2   | Reached **** piety under Hepliaklqana
 15769 | Lair:2   | Noticed a spriggan rider
 17524 | Lair:2   | Noticed a minotaur
 17524 | Lair:2   | Noticed Cryoshakespeare's ghost (journeyman OgWz)
 17574 | Lair:2   | Reached skill level 5 in Maces & Flails
 17608 | Lair:2   | Found a runed translucent gate.
 17608 | Lair:2   | Found a runed translucent gate.
 17611 | Lair:2   | Found a runed translucent gate.
 17613 | Lair:2   | Reached skill level 5 in Shields
 17849 | Lair:2   | Noticed an oklob plant
 17851 | Lair:2   | Noticed an oklob plant
 17864 | Lair:2   | Killed an oklob plant
 17864 | Lair:2   | Reached XP level 12. HP: 94/94 MP: 19/25
 17865 | Lair:2   | Reached skill level 10 in Spellcasting
 18209 | Lair:3   | Noticed Fannar
 18233 | Lair:3   | Killed Fannar
 18403 | Lair:3   | Found a staircase to the Snake Pit.
 18477 | Lair:3   | Reached skill level 10 in Conjurations
 18556 | Lair:3   | Noticed a four-headed hydra
 18564 | Lair:3   | Killed a four-headed hydra
 18768 | Lair:3   | Reached skill level 10 in Fighting
 20213 | Lair:4   | Noticed a four-headed hydra
 20220 | Lair:4   | Killed a four-headed hydra
 20220 | Lair:4   | Reached skill level 11 in Spellcasting
 20222 | Lair:4   | Noticed a five-headed hydra
 20622 | Lair:4   | Killed a five-headed hydra
 20646 | Lair:4   | Found a staircase to the Swamp.
 20869 | Lair:5   | Reached XP level 13. HP: 102/102 MP: 28/28
 22264 | Lair:5   | Reached skill level 10 in Dodging
 22660 | Lair:6   | Entered Level 6 of the Lair of Beasts
 23031 | Lair:6   | Paralysed by a hornet for 3 turns
 23384 | Lair:6   | Reached ***** piety under Hepliaklqana
 23423 | Lair:6   | Reached skill level 12 in Spellcasting
 24093 | Lair:6   | Learned a level 1 spell: Shock
 24131 | Lair:6   | Reached XP level 14. HP: 105/112 MP: 30/30
 24411 | Lair:6   | Noticed Nessos
 24683 | Lair:6   | Found a viscous altar of Jiyva.
 24728 | Lair:6   | Found a staircase to the Slime Pits.
 25005 | Lair:6   | Killed Nessos
 25574 | D:10     | Entered Level 10 of the Dungeon
 25632 | D:10     | Paralysed by a hornet for 1 turns
 25997 | D:10     | Noticed Gastronok
 26069 | D:10     | Killed Gastronok
 26097 | D:10     | Found a staircase to the Orcish Mines.
 26099 | D:10     | Found a roughly hewn altar of Beogh.
 26750 | D:11     | Noticed Sonja
 26752 | D:11     | Killed Sonja
 26919 | D:11     | You fall through a shaft for 2 floors!
 27019 | D:13     | Got a polished flail
 27023 | D:13     | Found a frozen archway.
 27458 | IceCv    | Entered an ice cave
 28530 | IceCv    | Found the ring of Shadows {Umbra +Inv Stlth+}
 28551 | IceCv    | Got a clouded bronze ring
 29324 | D:11     | Noticed Josephine
 29331 | D:11     | Killed Josephine
 29331 | D:11     | Reached skill level 13 in Spellcasting
 30110 | D:13     | You fall through a shaft for 2 floors!
 30110 | D:15     | Entered Level 15 of the Dungeon
 30144 | D:15     | Found a shattered altar of Ashenzari.
 30425 | D:14     | Found a gate leading to a gauntlet.
 30496 | Gauntlet | Entered a Gauntlet
 30496 | Gauntlet | Found a transporter.
 30496 | Gauntlet | Found a transporter.
 30496 | Gauntlet | Found a transporter.
 30776 | Gauntlet | Found a transporter.
 30777 | Gauntlet | Found a transporter.
 30780 | Gauntlet | Found a transporter.
 30787 | Gauntlet | Found a transporter.
 30788 | Gauntlet | Found a transporter.
 30789 | Gauntlet | Found a transporter.
 30791 | Gauntlet | Found a transporter.
 30800 | Gauntlet | Found a transporter.
 30800 | Gauntlet | Found a transporter.
 30998 | Gauntlet | Identified the ring of the Shining Light {Int+5 Dex+4} (You
                  | found it in an ice cave)
 31011 | Gauntlet | Got a fine cloak
 31017 | Gauntlet | Identified the +0 cloak "Ozurch" {-Cast MP-9 Int+4 Dex+2}
                  | (You found it in a Gauntlet)
 31023 | Gauntlet | Identified the +8 flail "Nuexzoko" {chaos, Fragile rN++
                  | Dex+6} (You found it on level 13 of the Dungeon)
 31460 | Gauntlet | Got a polished hat
 31473 | Gauntlet | Identified the ring of Viewken {Fire rElec rPois rN+ Dex+2}
 31491 | Gauntlet | Reached XP level 15. HP: 62/120 MP: 32/32
 31837 | D:14     | Identified the +4 hat of Entitlement {*Drain Regen+ Str+4}
                  | (You found it in a Gauntlet)
 31883 | D:14     | Reached ****** piety under Hepliaklqana
 32160 | D:14     | Found a gate to the Vaults.
 32161 | D:14     | Noticed Louise
 32465 | D:14     | Killed Louise
 33847 | D:15     | Found Gisix's Food Shop.
 34372 | D:15     | Found a staircase to the Depths.
 34811 | Orc:1    | Entered Level 1 of the Orcish Mines
 34811 | Orc:1    | Identified the +6 morningstar of Tomorrow {antimagic,
                  | Fragile +Blink +Fly rElec}
 35067 | Orc:1    | Found a transporter.
 35078 | Orc:1    | Identified the +1 battleaxe of the Heavens {vamp, rPois}
 35092 | Orc:1    | Noticed freakyemo's ghost (journeyman TrBe)
 35093 | Orc:1    | Found a bloodstained altar of Trog.
 35276 | Orc:1    | Found a transporter.
 35416 | Orc:2    | Entered Level 2 of the Orcish Mines
 35424 | Orc:2    | Noticed Snorg
 35442 | Orc:2    | Killed Snorg
 35529 | Orc:2    | Found Nurr's Antique Armour Shoppe.
 35589 | Orc:2    | Noticed an orc warlord
 35749 | Orc:1    | Killed an orc warlord
 35764 | Orc:2    | Reached skill level 14 in Spellcasting
 35977 | Orc:2    | Found Bareoxt's Antique Weapon Boutique.
 36046 | Orc:2    | Noticed an orc warlord
 36060 | Orc:2    | Killed an orc warlord
 36269 | Orc:2    | Found Neorovuv's General Store.
 36296 | Orc:2    | Found a staircase to the Elven Halls.
 36372 | Orc:2    | Found Soesch's Book Emporium.
 36972 | Orc:1    | Reached XP level 16. HP: 122/130 MP: 34/34
 37053 | Orc:1    | Slain by freakyemo's ghost

Skill      XL: |  1  2  3  4  5  6  7  8  9 10 11 12 13 14 15 |
---------------+----------------------------------------------+-----
Dodging        | 2 3 4 5 6 7 8 9 10 11 12 | 12.1
Fighting       | 1 2 3 4 5 7 8 9 10 11 12 13 | 13.8
Spellcasting   | 3 4 5 6 7 8 9 11 12 13 14 | 14.2
Conjurations   | 5 6 7 8 9 10 11 12 13 | 13.4
Shields        | 1 2 3 5 6 7 8 |  8.8
Invocations    | 1 3 4 |  4.0
Maces & Flails | 1 2 3 5 6 7 8 |  8.8
Evocations     | 1 3 4 |  4.0
Stealth        | |  1.7

Action                   |  1- 3 |  4- 6 |  7- 9 | 10-12 | 13-15 | 16-18 || total
-------------------------+-------+-------+-------+-------+-------+-------++-------
Melee: Unarmed           |    15 |    87 |    18 |       |       |       ||   120
       Tailslap          |     1 |     8 |    25 |    44 |   161 |    11 ||   250
       Whip              |       |       |   179 |   297 |  1128 |    53 ||  1657
 Cast: Magic Dart        |    85 |   200 |    83 |   128 |    37 |       ||   533
       Iskenderun's Myst |       |    10 |    38 |   163 |   293 |     2 ||   506
       Fulminant Prism   |       |       |       |    10 |    29 |       ||    39
       Shock             |       |       |       |       |    37 |       ||    37
Invok: Recall Ancestor   |       |       |     2 |     3 |     6 |       ||    11
       Ancestor Life: Ba |       |       |     1 |       |       |       ||     1
       Idealise          |       |       |       |       |     1 |       ||     1
 Abil: Breathe Dispellin |       |       |     1 |       |     2 |       ||     3
       Evoke Invisibilit |       |       |       |       |     8 |     1 ||     9
Evoke: Sack of spiders   |       |       |       |       |     5 |       ||     5
  Use: Potion            |       |     4 |     2 |       |     2 |       ||     8
       Scroll            |       |       |     8 |    13 |    16 |       ||    37
 Stab: Sleeping          |       |       |     2 |     1 |     9 |       ||    12
       Distracted        |       |       |       |     5 |    15 |       ||    20
       Invisible         |       |       |       |       |    29 |     3 ||    32
  Eat: Chunk             |     4 |    14 |    22 |    38 |    43 |       ||   121
       Ration            |       |     1 |       |     1 |     4 |       ||     6
Armor: Skin              |    12 |    47 |    69 |    78 |   143 |     1 ||   350
Dodge: Dodged            |    18 |    74 |   168 |   323 |   611 |    18 ||  1212
Block: Shield            |       |       |    91 |   268 |   588 |    24 ||   971
